 Dungeon Crawl Stone Soup version 0.31-a0-1237-gabc64e778c (webtiles) character file.

Game seed: 9669286018234583821

632 gelatine the Shield-Bearer (level 7, -4/54 HPs)
             Began as a Demonspawn Fighter on Dec 15, 2023.
             Killed by divine providence
             ... invoked by an orc priest
              (12 damage)
             ... on level 5 of the Dungeon.
             The game lasted 00:07:25 (3025 turns).

gelatine the Shield-Bearer (Demonspawn Fighter)     Turns: 3025, Time: 00:07:26

Health: -4/54      AC:  8    Str: 18    XL:     7   Next: 24%
Magic:  7/7        EV: 10    Int:  8    God:
Gold:   120        SH:  9    Dex: 13    Spells: 6/6 levels left

rFire   + . .        a - +0 war axe
rCold   . . .        c - +0 buckler
rNeg    . . .        b - +0 scale mail
rPois   .            (no helmet)
rElec   .            (no cloak)
rCorr   .            (no gloves)
SInv    .            p - +0 pair of boots
Will    .....        (no amulet) Stlth
                     g - ring of protection from fire
HPRegen 0.29/turn    (no ring)
MPRegen 0.10/turn

%: no passive effects
@: no status effects
A: large bone plates 1, icemail 1, condensation shield, weakness stinger 1
a: no special abilities


You were on level 5 of the Dungeon.
You visited 1 branch of the dungeon, and saw 5 of its levels.

You collected 120 gold pieces.

Inventory:

Hand Weapons
 a - a +0 war axe (weapon)
Missiles
 v - a throwing net
Armour
 b - a +0 scale mail (worn)
 c - a +0 buckler (worn)
 p - a +0 pair of boots (worn)
 y - the +0 ring mail of Siappi {rPois Str-4 Int+3}
   (You found it on level 4 of the Dungeon)

   Str-4:     It affects your strength (-4).
   Int+3:     It affects your intelligence (+3).
   rPois:     It protects you from poison
Jewellery
 g - a ring of protection from fire (left hand)
 i - a ring of see invisible
 z - a ring of wizardry
Scrolls
 l - 2 scrolls of poison {unknown}
 m - a scroll of immolation {unknown}
 n - a scroll of summoning {unknown}
 r - 3 scrolls of enchant weapon {unknown}
 t - 2 scrolls of enchant armour {unknown}
 u - 2 scrolls of identify {unknown}
Potions
 d - a potion of might
 e - 2 potions of enlightenment
 f - a potion of attraction {unknown}
 h - a potion of degeneration {unknown}
 j - a potion of heal wounds {unknown}
 k - a potion of haste {unknown}
 o - a potion of invisibility {unknown}
 q - a potion of curing
 s - a potion of berserk rage {unknown}
 w - a potion of resistance {unknown}
 x - a potion of ambrosia {unknown}


   Skills:
 * Level 4.1 Fighting
 + Level 4.3 Axes
 * Level 4.0 Armour
 * Level 2.0 Dodging
 + Level 0.1 Stealth
 * Level 4.6 Shields


You had 6 spell levels left.
You didn't know any spells.
Your spell library contained the following spells:

 Spells                   Type           Power      Damage    Failure   Level
 Freeze                   Ice            0%         1d3       86%         1
 Frozen Ramparts          Ice            0%         1d1       99%         3
 Hailstorm                Conj/Ice       0%         3d5       99%         3
 Summon Ice Beast         Ice/Summ       0%         N/A       100%        4
 Simulacrum               Ice/Necr       0%         N/A       100%        6


Dungeon Overview and Level Annotations

Branches:
Dungeon (5/15)
 Temple: D:4-7

Altars:
Gozag
Vehumet

Shops:
D:1 *   D:2 (


Innate Abilities, Weirdness & Mutations

You are partially covered in large bone plates. (SH +4)
A meltable icy envelope protects you from harm. (AC +0)
A meltable shield of frost defends you. (SH +0)
You have a small tail.


Message History

The orc shouts!
The orc wizard hits you from afar with a +0 spear.
The scorpion completely misses you.
The howler monkey hoots and howls with incredible vigour!
The orc priest mumbles some strange prayers to Beogh against you.
Pain shoots through your body!
The orc wizard hits you from afar with a +0 spear.
The scorpion stings you.
You hear a bark!
You hear a shout!
You hear a howl!
You closely miss the orc priest. You tail-slap the orc priest.
The orc priest is lightly wounded.
You barely miss the scorpion.
You feel very sick. The scorpion stings you.
* * * LOW HITPOINT WARNING * * *
The howler monkey hoots and howls with incredible vigour!
You block the orc wizard's attack. You block the orc priest's attack.
You hear a shout!
You feel sick. The orc wizard casts a spell at you.
The puff of flame misses you.
The orc priest looks braver for a moment.
You block the scorpion's attack.
You feel sick. The howler monkey hits you.
* * * LOW HITPOINT WARNING * * *
The howler monkey closely misses you.
You feel sick. The orc attacks as it pursues you! You block the orc's attack.
You feel sick.
You feel sick.
You feel sick.
You feel sick.
You are no longer poisoned.
You block the scorpion's attack.
The howler monkey hoots and howls with incredible vigour!
The scorpion attacks as it pursues you! You block the scorpion's attack.
You hear an angry hiss.
You hear a shout!
There is a stone staircase leading up here.
The orc priest calls down the wrath of Beogh upon you.
Beogh smites you!
You die...

. # .. #. ##############
...#.##.##......[..#
......##..#......#
..##.#.........##..###
.........#.##........#
.##.#..)#.##......######
.......$..o.ohs@#.......#
..##...>..o#.o.....######
#.##.##.#..#.#.##
+.....##.#..#.#.#
#..##.##.#..#.#.####
...................# .#.
#......†#.#....#########
..##......................#
........####.####.#######.#


You could see a scorpion, a howler monkey (catching breath), an orc priest, an
orc wizard and 2 orcs.

Vanquished Creatures
  Grinder (D:4)
  Eustachio (D:4)
  2 orc priests (D:5)
  A hound (D:5)
  An iguana (D:4)
  An orc wizard (D:5)
  A gnoll (D:3)
  7 adders
  A worm (D:4)
  2 dart slugs (D:3)
  7 orcs
  7 endoplasms
  3 giant cockroaches
  6 goblins
  9 hobgoblins
  3 jackals (D:1)
  8 kobolds
  7 quokkas
  4 ball pythons
  6 bats
  A frilled lizard (D:2)
  4 rats
83 creatures vanquished.

Notes
Turn   | Place    | Note
-------+----------+-------------------------------------------
     0 | D:1      | gelatine the Demonspawn Fighter began the quest for the
                  | Orb.
     0 | D:1      | Reached XP level 1. HP: 18/18 MP: 1/1
   108 | D:1      | Gained mutation: A meltable shield of frost defends you.
                  | (SH +0) [demonic ancestry]
   108 | D:1      | Reached XP level 2. HP: 19/24 MP: 2/2
   172 | D:1      | Found Viranuos's Assorted Antiques.
   531 | D:1      | Reached XP level 3. HP: 29/29 MP: 3/3
   758 | D:2      | Found Filegog's Weapon Boutique.
  1068 | D:2      | Gained mutation: You are partially covered in large bone
                  | plates. (SH +4) [demonic ancestry]
  1068 | D:2      | Reached XP level 4. HP: 35/35 MP: 4/4
  1375 | D:3      | Reached skill level 1 in Dodging
  1979 | D:4      | Gained mutation: A meltable icy envelope protects you from
                  | harm. (AC +0) [demonic ancestry]
  1979 | D:4      | Reached XP level 5. HP: 41/41 MP: 5/5
  1994 | D:4      | Noticed Eustachio
  2000 | D:4      | Noticed Grinder
  2011 | D:4      | Killed Eustachio
  2011 | D:4      | Paralysed by Grinder for 5 turns
  2012 | D:4      | Reached XP level 6. HP: 25/48 MP: 6/6
  2025 | D:4      | Killed Grinder
  2194 | D:4      | Found an opulent altar of Gozag.
  2398 | D:4      | Identified the +0 ring mail of Siappi {rPois Str-4 Int+3}
  2500 | D:4      | Found a radiant altar of Vehumet.
  2555 | D:4      | Gained mutation: You have a small tail. [demonic ancestry]
  2555 | D:4      | Reached XP level 7. HP: 54/54 MP: 7/7
  2768 | D:5      | Entered Level 5 of the Dungeon
  3025 | D:5      | Killed from afar by an orc priest

Illustrated notes

Levels and vault maps discovered:
D:1:      wander_arrival_abandoned_jail, layout_loops_ring, serial_shops, shop,
          minmay_small_reverse_x
D:2:      layout_rooms, serial_shops, nicolae_shop_trees
D:3:      minmay_skewed_foursquare, layout_rooms, nicolae_figureground_pulse
D:4:      layout_loops_ring, nicolae_gozag_seed_capital,
          mainiacjoe_overflow_catwalk, eino_small_chamber_without_monster,
          uniq_grinder, uniq_eustachio
D:5:      layout_basic, nicolae_nh_ransacked_shop

Skill      XL: |  1  2  3  4  5  6  7 |
---------------+----------------------+-----
Axes           | 2 3 4 |  4.3
Armour         | 3 4 |  4.0
Shields        | 3 4 |  4.6
Dodging        | 1 2 |  2.0
Fighting       | 4 |  4.1
Stealth        | |  0.1

Action                     |  1- 3 |  4- 6 |  7- 9 || total
---------------------------+-------+-------+-------++-------
  Melee: War axe           |   107 |   127 |    35 ||   269
         Tailslap          |       |       |    10 ||    10
    Use: Potion            |       |       |     2 ||     2
 Armour: Scale mail        |    88 |    65 |    50 ||   203
  Dodge: Dodged            |    54 |    38 |    15 ||   107
  Block: Buckler           |    66 |   102 |    21 ||   189

Table legend: (Time is in decaauts)
 A = Elapsed time spent in this place.
 B = Non-inter-level travel time spent in this place.
 C = Inter-level travel time spent in this place.
 D = Time resting spent in this place.
 E = Time spent auto-exploring this place.
 F = Levels seen in this place.
 G = Mean time per level.
                   A        B        C        D        E       F      G
               +--------+--------+--------+--------+--------+-----+--------+
         Total |   3128 |   3066 |     62 |      0 |   2285 |   5 |  625.6 |
       Dungeon |   3128 |   3066 |     62 |      0 |   2285 |   5 |  625.6 |
               +--------+--------+--------+--------+--------+-----+--------+

Top non-repeatable levels by time:
     D:4: 815 daAuts
     D:3: 802 daAuts
     D:1: 769 daAuts
     D:2: 472 daAuts
     D:5: 268 daAuts
